Cogmind - Beta 16 @@@ ROGUE MODE // 2026.01.31 @ 08:35:20 Player: Ev Result: Destroyed by X-57 Shotgunner with Shotgun Performance ------------- Evolutions (2) 1000 Regions Visited (3) 600 Robots Destroyed (47) 235 Value Destroyed (1262) 1262 Prototype IDs (5) 100 Alien Tech Used (0) 0 Bonus (0) 0 TOTAL SCORE: 3197 Bonus ------- None Cogmind --------- Core Integrity 0/550 Matter 239/300 Energy 300/300 System Corruption 0% Temperature Cool (78) Movement Treading (160) Location -8/Materials Parts ------- > --- POWER (1) -------- (None) > --- PROPULSION (3) --- Improved Treads > --- UTILITY (5) ------ Large Battery > --- WEAPON (2) ------- Gauss Cannon Gauss Cannon > --- INVENTORY (5) ---- Core Analyzer Peak State ------------ > --- POWER ------------ Improved Deuterium Engine > --- PROPULSION ------- Light Treads Improved Treads > --- UTILITY ---------- Improved Heat Sink Large Battery Signal Interpreter Improved Light Armor Plating Hacking Suite > --- WEAPON ----------- Arc Projector Arc Projector > --- INVENTORY -------- Core Analyzer Arc Projector Arc Projector Gauss Cannon Gauss Cannon [Rating: 28] Favorites ----------- Power Heavy Ion Engine Engine Heavy Ion Engine Propulsion Wheel Treads Light Treads Leg Aluminum Leg Wheel Wheel Flight Unit Improved Flight Unit Utility Signal Interpreter Device Sensor Array Storage Small Storage Unit Processor Signal Interpreter Hackware Hacking Suite Protection Medium Armor Plating Weapon Pulse Rifle Energy Gun Pulse Rifle Energy Cannon Particle Cannon Ballistic Gun Improved Assault Rifle Ballistic Cannon Assault Cannon Launcher Advanced EMP Blaster Build | -11 -10 -9 -8 ------- Run | Yrd Mat Mat Mat Slots Evolved 4 | . . 2 2 Power . | . . . . Propulsion 1 | . . . 1 Utility 3 | . . 2 1 Weapon . | . . . . Parts Attached 48 | 7 5 12 24 Power 7 | 1 . 2 4 Engine 7 | 1 . 2 4 Core . | . . . . Reactor . | . . . . Propulsion 11 | 4 . 2 5 Treads 2 | . . . 2 Leg 3 | 2 . . 1 Wheel 5 | 2 . 2 1 Hover . | . . . . Flight 1 | . . . 1 Utility 13 | 1 3 3 6 Device 2 | . . 1 1 Storage 3 | 1 1 . 1 Processor 3 | . 2 1 . Hackware 1 | . . . 1 Protection 4 | . . 1 3 Artifact . | . . . . Weapon 17 | 1 2 5 9 Energy Gun 8 | 1 1 . 6 Energy Cannon 1 | . . 1 . Ballistic Gun 2 | . . 2 . Ballistic Cannon 3 | . . . 3 Launcher 3 | . 1 2 . Special Weapon . | . . . . Impact Weapon . | . . . . Slashing Weapon . | . . . . Piercing Weapon . | . . . . Special Melee Weapon . | . . . . Unidentified Prototypes 3 | . . 2 1 Parts Lost 23 | . . 1 22 Power 3 | . . . 3 Propulsion 5 | . . 1 4 Utility 10 | . . . 10 Weapon 5 | . . . 5 Highest Loss Streak 10 | . . 1 10 To Critical Strikes . | . . . . Average Backups 3 | 1 5 4 3 Power . | . . . . Propulsion . | . . . . Utility 1 | . 1 2 1 Weapon 1 | . 2 2 1 Tool/Special . | . . . . Unused Backups 9 | . 3 1 5 Power 1 | . 1 . . Propulsion 1 | . . 1 . Utility 2 | . . . 2 Weapon 5 | . 2 . 3 Tool/Special . | . . . . Average Slot Usage (%) 85 | . 96 93 80 Engine 10 | . 14 11 8 Treads 4 | . . . 7 Wheel 11 | . 28 16 6 Device 8 | . . 10 8 Storage 7 | . 10 . 11 Processor 13 | . 16 22 9 Hackware 2 | . . . 3 Protection 6 | . . 10 6 Energy Gun 11 | . 24 . 14 Ballistic Gun 3 | . . 11 1 Ballistic Cannon 1 | . . . 2 Launcher 3 | . 1 9 . Peak Build Rating 28 | 5 7 18 28 Average Rating 17 | 3 6 15 20 On Entrance 7 | . 5 7 18 Avg Prop Armor Cover (%) . | . . . . Naked Turns . | . . . . Heaviest Build 38 | 11 14 28 38 Greatest Support 43 | 20 20 20 43 Greatest Overweight (x) 12 | 3 . 2 12 Average Overweight (x) . | . . 1 . Largest Inventory Capacity 8 | 8 8 8 8 Average Capacity 6 | 7 6 5 6 Most Carried 8 | 4 7 8 8 Average Carried 3 | 2 5 4 3 Final Capacity 8 | 8 5 8 5 Final Carried 8 | 4 5 8 1 Class Distribution -------------------- 100% | Mutant Dominant Class ---------------- Mutant | -10/Materials Mutant | -9/Materials Mutant | -8/Materials Resources | -11 -10 -9 -8 ----------- Run | Yrd Mat Mat Mat Matter Collected 1093 | 217 47 217 612 Remotely . | . . . . Salvage Created 1673 | . 77 657 939 Parts 80 | . 3 35 42 Haulers Intercepted 5 | . 1 2 2 Recyclers Shooed . | . . . . Parts Field Recycled . | . . . . Retrieved Matter . | . . . . Parts Self-Destructed . | . . . . Prevented . | . . . . Parts Restored . | . . . . Kills | -11 -10 -9 -8 ------- Run | Yrd Mat Mat Mat Combat Hostiles Destroyed 30 | . . 11 19 Guns 11 | . . . 11 Cannons 6 | . . . 6 AOE 11 | . . 11 . Classes Destroyed 9 | . 2 5 2 Worker 3 | . . 3 . Builder 4 | . . 3 1 Hauler 5 | . 1 2 2 Recycler 1 | . . . 1 Watcher 4 | . 1 2 1 Swarmer 8 | . . 4 4 Grunt 15 | . . 4 11 Duelist 1 | . . . 1 Sentry 6 | . . 3 3 Best Kill Streak 10 | . 1 10 5 Combat Bots Only 6 | . . 6 5 Max Kills in Single Turn 4 | . 1 4 3 Gunslinging . | . . . . Exploded 2 | . . 2 . Melee . | . . . . Uniques/NPCs Destroyed . | . . . . Combat | -11 -10 -9 -8 -------- Run | Yrd Mat Mat Mat Hostile Shots Fired 267 | . . 13 254 Missed 74 | . . 6 68 Hits 193 | . . 7 186 Projectile 193 | . . 7 186 Critical Strikes 7 | . . . 7 Damage Taken 3238 | . . 227 3011 Core 559 | . . 4 555 Absorbed by Shields . | . . . . Core Remaining (%) 99 | 100 100 99 . Volleys Fired 116 | . 9 21 86 Largest 2 | . 2 2 2 Hottest 126 | . 80 72 126 Shots Fired 204 | . 17 32 155 Gun 139 | . 17 6 116 Cannon 38 | . . 2 36 Launcher 27 | . . 24 3 Special . | . . . . Kinetic 56 | . . 5 51 Thermal 87 | . 17 3 67 Explosive 4 | . . 4 . Electromagnetic 57 | . . 20 37 Robot Hit Streak 16 | . 8 8 16 Robot Miss Streak 4 | . 1 1 4 Penetration Max . | . . . . Secondary Targets 1 | . . . 1 Max Gunslinging Chain 1 | . . . 1 Shots Hit Robots 138 | . 15 19 104 Core Hits 73 | . 3 24 46 Critical Kills 1 | . . 1 . Critical Parts Destroyed . | . . . . Critical Strikes 5 | . . 1 4 Burn 4 | . . . 4 Destroy 1 | . . 1 . Melee Attacks . | . . . . Impact . | . . . . Slashing . | . . . . Piercing . | . . . . Sneak Attacks . | . . . . Combat Hostiles . | . . . . Follow-up Attacks . | . . . . Damage Inflicted 3682 | . 162 1319 2201 Guns 1477 | . 162 62 1253 Cannons 646 | . . 21 625 Explosions 1559 | . . 1236 323 Melee . | . . . . Ramming . | . . . . Kinetic 861 | . . 62 799 Thermal 1074 | . 162 45 867 Explosive 344 | . . 344 . Electromagnetic 1403 | . . 868 535 Impact . | . . . . Slashing . | . . . . Piercing . | . . . . Highest Corruption 1 | . . 1 . Average Corruption 1 | . . 1 . Corruption Purged . | . . . . Corruption Blocked . | . . . . Effects 3 | . . 3 . Message Errors 1 | . . 1 . Matter Fused 1 | . . 1 . Heat Flow Errors 1 | . . 1 . Overload Shots . | . . . . Overflow Damage 101 | . . 83 18 Projectiles . | . . . . Explosions 101 | . . 83 18 Melee . | . . . . Knockbacks 2 | . . . 2 Impact . | . . . . Kinetic 2 | . . . 2 Secondary . | . . . . Self-Inflicted Damage 129 | . . 129 . Shots 7 | . . 7 . Rammed . | . . . . Targets Rammed . | . . . . Kicked . | . . . . Crushed . | . . . . Highest Temperature 630 | . 56 125 630 Average Temperature 132 | . 25 22 160 Received Heat Transfer 1305 | . . 18 1287 Effects 29 | . . . 29 Shutdowns 4 | . . . 4 Energy Bleed 3 | . . . 3 Interference 8 | . . . 8 Matter Decay 1 | . . . 1 Short Circuit 2 | . . . 2 Damage (major) 9 | . . . 9 Damage (core) 2 | . . . 2 Siege Activations . | . . . . Martial Activations . | . . . . Shielding Activations . | . . . . Robots Disrupted 1 | . . . 1 Combat Hostiles 1 | . . . 1 Robots Corrupted . | . . . . Combat Hostiles . | . . . . Parts Fried 7 | . . 6 1 Impact Corruptions . | . . . . Robots Melted 2 | . . . 2 Combat Hostiles 2 | . . . 2 Parts Melted 7 | . 1 . 6 Heat Transferred 2621 | . 375 87 2159 Parts Sabotaged . | . . . . Parts Stolen . | . . . . Parts Stripped . | . . . . Power Chain Reactions 5 | . . 4 1 Alert | -11 -10 -9 -8 ------- Run | Yrd Mat Mat Mat Maximum Alert Level 1 | . . 1 1 Low Security (%) 71 | 100 100 47 76 Level 1 28 | . . 52 23 Level 2 . | . . . . Level 3 . | . . . . Level 4 . | . . . . Level 5 . | . . . . High Security . | . . . . Max Security . | . . . . Peak Influence 315 | . 14 315 277 Initial 87 | . . . 87 Average 139 | . 1 185 148 Influence Increases 1193 | . 39 501 653 Destroy 0b10 Robot/C 600 | . . 220 380 Destroy 0b10 Robot/NC 85 | . 10 50 25 Destroy Leader 128 | . 4 48 76 Successful Hack 60 | . 25 22 13 Disable Machine 150 | . . 90 60 Destroy Structure 50 | . . 41 9 Partial Spotted 30 | . . . 30 Lose Combat Pursuer 90 | . . 30 60 Influence Decreases 1167 | . 39 292 836 Entered New Map 122 | . . . 122 Time Decay 815 | . 39 282 494 Lost Part 230 | . . 10 220 Squads Dispatched 6 | . . 1 5 Investigation 1 | . . . 1 Extermination . | . . . . Reinforcement 5 | . . 1 4 Assault . | . . . . Garrison . | . . . . Intercept . | . . . . Searches Triggered . | . . . . Construction Impeded 1 | . . . 1 Haulers Reinforced . | . . . . Active Scanning Responses . | . . . . Cargo Convoy Interrupts . | . . . . Stealth | -11 -10 -9 -8 --------- Run | Yrd Mat Mat Mat Distress Signals 4 | . . 2 2 Communications Jammed . | . . . . Distress Signals . | . . . . Times Spotted 49 | . 2 12 35 Peak Tracking Total 8 | . 2 7 8 Tactical Retreats 6 | . . 2 4 Traps | -11 -10 -9 -8 ------- Run | Yrd Mat Mat Mat Traps Triggered . | . . . . Indirectly . | . . . . Trap Hack Attempts . | . . . . Triggered . | . . . . Disarmed . | . . . . Reprogrammed . | . . . . Reused . | . . . . Traps Extracted . | . . . . Installed . | . . . . Triggered . | . . . . Machines | -11 -10 -9 -8 ---------- Run | Yrd Mat Mat Mat Machines Disabled 10 | . . 6 4 Max in Single Turn 4 | . . 4 1 Machines Repaired . | . . . . Machines Dismantled . | . . . . Machines Sabotaged . | . . . . Overloaded Fab Kills . | . . . . Hacking | -11 -10 -9 -8 --------- Run | Yrd Mat Mat Mat Machines Accessed 8 | . 4 2 2 Terminals 8 | . 4 2 2 Fabricators . | . . . . Repair Stations . | . . . . Recycling Units . | . . . . Scanalyzers . | . . . . Garrison Access . | . . . . Total Hacks 29 | . 8 11 10 Successful 15 | . 5 5 5 Failed 14 | . 3 6 5 Catastrophic 2 | . 1 . 1 Database Lockouts . | . . . . Manual 22 | . 5 10 7 Terminals 29 | . 8 11 10 Fabricators . | . . . . Repair Stations . | . . . . Recycling Units . | . . . . Scanalyzers . | . . . . Garrison Access . | . . . . Terminal Hacks 8 | . 4 2 2 Prototype ID Bank 1 | . . 1 . Branch Access Points 3 | . 1 1 1 Emergency Access Points 1 | . 1 . . Locate Traps 3 | . 2 . 1 Fabricator Hacks . | . . . . Repair Station Hacks . | . . . . Recycling Unit Hacks . | . . . . Scanalyzer . | . . . . Garrison Access Hacks . | . . . . Unauthorized Hacks 7 | . 1 3 3 Terminals 7 | . 1 3 3 Botnet 4 | . . 2 2 Operators 3 | . 1 1 1 Fabricators . | . . . . Repair Stations . | . . . . Recycling Units . | . . . . Scanalyzers . | . . . . Garrison Access . | . . . . Data Cores Recovered . | . . . . Used . | . . . . Hacking Detections 7 | . 3 2 2 Full Trace Events . | . . . . Feedback Events . | . . . . Feedback Blocked . | . . . . Robot Schematics Acquired . | . . . . Robots Built . | . . . . Authchips . | . . . . Time . | . . . . Total Robot Build Rating . | . . . . Part Schematics Acquired . | . . . . Parts Built . | . . . . Authchips . | . . . . Time . | . . . . Total Part Build Rating . | . . . . Part Studies Acquired . | . . . . Parts Repaired . | . . . . Time . | . . . . Parts Recycled . | . . . . Recycled Matter . | . . . . Retrieved Matter . | . . . . Retrieved Components . | . . . . Parts Scanalyzed . | . . . . Part Schematics Acquired . | . . . . Parts Damaged . | . . . . Bothacking | -11 -10 -9 -8 ------------ Run | Yrd Mat Mat Mat Used RIF Installer . | . . . . Robots Hacked . | . . . . Non-combat . | . . . . Combat . | . . . . Robot Hacks Applied . | . . . . Relay Couplers Released . | . . . . Fabnet Peak Effective % . | . . . . Robots Rewired . | . . . . Allies Hacked . | . . . . Hacks Repelled . | . . . . Allies | -11 -10 -9 -8 -------- Run | Yrd Mat Mat Mat Total Allies . | . . . . Largest Group . | . . . . Highest-Rated Group . | . . . . Highest-Rated Ally . | . . . . Total Orders . | . . . . Ally Attacks . | . . . . Total Damage . | . . . . Kills . | . . . . Allies Corrupted . | . . . . Allies Melted . | . . . . Intel | -11 -10 -9 -8 ------- Run | Yrd Mat Mat Mat Active Infowar (turns) 1159 | . . 614 545 Sensors 1159 | . . 614 545 Robot Analysis Total . | . . . . Derelict Logs Recovered . | . . . . Drone Launches . | . . . . Drone Recoveries . | . . . . Exploration | -11 -10 -9 -8 ------------- Run | Yrd Mat Mat Mat Turns Passed 2262 | 47 248 648 1319 Spaces Moved 1214 | 33 251 486 444 Core 36 | 4 . . 32 Treads 298 | . . . 298 Legs 20 | . . . 20 Wheels 860 | 29 251 486 94 Hover . | . . . . Flight . | . . . . Fastest Speed 50 | 50 80 80 80 Average Speed 125 | 82 80 101 180 Slowest Speed 650 | 200 80 110 650 Overloaded Moves . | . . . . Propulsion Burnouts . | . . . . Robots Hopped . | . . . . Potential Cave-ins . | . . . . Cave-ins Triggered . | . . . . Exploration Rate (%) 31 | 3 44 43 35 Regions Visited 3 Branch Regions . Pre-discovered Areas . | . . . . Known Exits Taken 2 | . 1 1 . Unknown Exits Taken 1 | 1 . . . Scrap Searched . | . . . . Spaces Dug 12 | . . 12 . Terrain Destroyed 51 | . . 43 8 Melee . | . . . . Projectile 7 | . . . 7 AOE 44 | . . 43 1 Terrain Rammed . | . . . . Walls Destroyed . | . . . . Machines Disabled . | . . . . Actions | -11 -10 -9 -8 --------- Run | Yrd Mat Mat Mat Total 1748 | 50 283 605 810 Wait 269 | . 2 58 209 Move 1211 | 32 250 485 444 Hop . | . . . . Pick Up 59 | 9 10 14 26 Fast Attach 1 | . . 1 . Attach 33 | 5 3 2 23 Detach 1 | . . . 1 Swap 26 | 4 2 14 6 Drop 32 | . 7 10 15 Fire 116 | . 9 21 86 Melee . | . . . . Ram . | . . . . Kick . | . . . . Crush . | . . . . Escape Stasis . | . . . . Rewire . | . . . . Trap . | . . . . Miscellaneous . | . . . . Route ------- -11/Scrapyard -10/Materials (discovered 4 exits: *Mat / *Min x2 / *Sub) -9/Materials (discovered 2 exits: *Mat / Min) -8/Materials (discovered 1 exit: *Sto) History --------- Turn | Location | Event 2 | -11/Scrapyard | Met Revision 17 15 | -11/Scrapyard | Discovered new exit (range 15) 48 | -11/Scrapyard | Entered Materials 96 | -10/Materials | Identified exit to Mines 158 | -10/Materials | Discovered new exit (range 10) 174 | -10/Materials | Identified exit to Subcaves 249 | -10/Materials | Discovered new exit (range 15) 260 | -10/Materials | Identified exit to Materials 296 | -10/Materials | Entered another Materials area 296 | -9/Materials | Evolved 2 slots: Utility x2 336 | -9/Materials | Build established: Mutant 760 | -9/Materials | Discovered new exit (range 16) 779 | -9/Materials | Identified exit to Materials 817 | -9/Materials | Identified exit to Mines 944 | -9/Materials | Entered another Materials area 944 | -8/Materials | Evolved 2 slots: Propulsion x1, Utility x1 1081 | -8/Materials | Identified exit to Storage 1289 | -8/Materials | Lost 3 parts (3n) 1487 | -8/Materials | Lost 3 parts (1p1u1w) 1501 | -8/Materials | Core integrity fell below 50% 1527 | -8/Materials | Lost 3 parts (1u2w) 2252 | -8/Materials | Core integrity fell below 20% 2263 | -8/Materials | Destroyed by X-57 Shotgunner with Shotgun Last Messages --------------- 02250_ Signal Interpreter destroyed. 02251_ U-05 Engineer lays Concrete. 02253_ W-25 Informer destroyed. 02254_ U-05 Engineer lays Concrete. 02255_ K-01 Serf collects debris. 02255_ G-47 Trooper destroyed. 02256_ U-05 Engineer lays Concrete. 02257_ Penetrated by Slug. 02257_ U-05 Engineer lays Concrete. 02257_ Imp. Deuterium Engine destroyed. 02258_ K-01 Serf collects debris. 02258_ U-05 Engineer lays Concrete. 02259_ Imp. Light Armor Plating destroyed. 02259_ Penetrated by Slug. 02259_ Imp. Heat Sink destroyed. 02260_ Slug penetrates Wall. 02260_ X-57 Shotgunner knocked back. 02260_ U-05 Engineer lays Concrete. 02260_ K-01 Serf collects debris. 02262_ U-05 Engineer lays Concrete. Map ----- +----------------------------------------------------+ | ?????????????????????????????????????????????????? | | ?????????????????????????????????????????????????? | | ?????????????????????????????????????????????????? | | ?????????????????????????????????????????????????? | | ?????????????????????????????????????????????????? | | ?????????????????????????????????????????????????? | | ?????????????????????????????????????????????????? | | ?????????????????????????????????????????????????? | | ?????????????????????????????????????????????????? | | ?????????????????????????????????????????????????? | | ?????????????????????????????????????????????????? | | ?????????????????????????????????????????????????? | | ?????????????????????????????????????????????????? | | ?????????????????????????????????????????????????? | | ?????????????????????????????????????????????????? | | ???????????????????????????????????? ???????????? | | ??????????????????????????????????? ????????????? | | ??????????????????????????????????+ ?????????????? | | ????????###########?????????????? #??????????????? | | ????????# #????????????? #??????????????? | | ####????# #???????????? ##?????????????? | | #????# #???######## ######????????? | | #????# #???# %g ???????? | | #????# #???# *%= kH a ???????? | | #????# #???# %gg%g ???????? | | #????? ????#% @;### #?????????????? | | #??????? ????# ; ###????????????????????? | | ##?????###+###???###= %#??????????????????????? | | ####### ######;%* #??????????????????????? | | ! ==% x #??????????????????????? | | > =!%= % u #??????????????????????? | | !%!! #??????????????????????? | | [ ####### % *###k#####;#??????????????????????? | | # ###?????###/### ?? ;#??????????????????????? | | # #???????# # ] """ #???????????????????????? | | # #???????# # """ #???????????????????????? | | # #???????# # """ #???????????????????????? | | # #???????# # #???????????????????????? | | # #???????# " "#! """ ????????????????????????? | | # #???????# """# """ ????????????????????????? | | # #???????# """# """ ????????????????????????? | | # #???##### # ??????????????????????????? | | # #???# + """######???????????????????????????? | | # ##### # """#????????????????????????????????? | | # # """#????????????????????????????????? | | ##### # #????????????????????????????????? | | #######????????????????????????????????? | | #??????????????????????????????????????? | | #??????????????????????????????????????? | | #???###????????????????????????????????? | +----------------------------------------------------+ Best States ------------- Heat Dissipation 45 Energy Generation 16 Energy Capacity 490 Matter Stores 300 Matter Capacity 300 Sight Range 16 Robot Scan Range 14 Terrain Scan Density 10 Armor Coverage 600 Evasion (%) 44 Targeting Accuracy 6 Recoil Reduction 2 Offensive Hacking 10 Item Schematics ----------------- None Robot Schematics ------------------ None Fabricated ------------ Nothing Repaired ---------- Nothing Studied --------- None Alien Tech Used ----------------- None Achievements -------------- Resistances Are Futile Challenges ------------ None Game ------ Seed CouplerMagneticPlatform Manual? 0 Play Time 00:41:02 Cumulative 64.5 hours Start 2026.01.30 @ 14:06:03 End 2026.01.31 @ 08:35:20 Sessions 3 Manual Loads 0 Difficulty Rogue Special Mode None Game No. 121 Rogue 121 Adventurer 0 Explorer 0 Win Type - Total 0 Types 0/0/0/0/0/0/0/0/0/0 Lore% 24 Gallery% 31 Achievement% 22 Wizard Run 0 Options --------- Layout 1 ASCII 0 Keyboard 0 Movement Mouse Keybinds 0 Fullscreen 1 Font 32/Cog Map View 50x35 Zoom Use 0% Tactical HUD 1 Map Filters NONE Filters NONE Steam 1 RUN: 2d95e938-9a56-4566-aed3-c13c23ed69c6